AoeStats
← PUNISHER

Glade

510512766Analyzed
1v1 RM · 1d ago on Oct 1, 2026· 15m 43s· 2 players
Game mode
Random Map
Map size
Tiny (2 player)
Population
200
Speed
Normal
Resources
Standard
Victory
Conquest
Starting age
Dark Age
Ending age
Imperial Age
RankedLock teamsTeams togetherTeam positionsShared explorationLock speedFull tech treeHidden civsTurbo modeCheats
Victory
Defeat
🇵🇱 Sicilians · Poland
902
+14
🇹🇷 Cumans · Türkiye
866
-14
PUNISHER
5:22 Loom
11:29 Feudal Age
12:12 Arson
14:04 Town Watch
14:07 Double-Bit Axe
malolepszy.adrian
10:38 Feudal Age
11:59 Wheelbarrow
11:13 Double-Bit Axe
Connection lost

Rejoining the realm…

Still unreachable

The connection could not be restored.

Session expired

The server has moved on; the page needs a fresh start.